 Dungeon Crawl Stone Soup version 0.32-a0-928-g1cae6b7ea0 (webtiles) character file.

Game seed: 13838967251816968645

3583 Ahpoh the Carver (level 10, -2/74 HPs)
             Began as a Coglin Gladiator on Apr 12, 2024.
             Was a Priest of Okawaru.
             Killed by divine providence
             ... invoked by an orc priest
              (13 damage)
             ... on level 8 of the Dungeon.
             The game lasted 00:25:58 (8168 turns).

Ahpoh the Carver (Coglin Gladiator)                 Turns: 8168, Time: 00:25:59

Health: -2/74      AC: 13    Str: 14    XL:     10   Next: 10%
Magic:  9/10       EV: 10    Int:  9    God:    Okawaru [***...]
Gold:   319        SH:  0    Dex: 19    Spells: 9/9 levels left

rFire   . . .        a - +1 long sword {Septima}
rCold   . . .        D - +0 long sword {Surin}
rNeg    . . .        x - +0 scale mail
rPois   .            c - +0 helmet
rElec   .            n - +0 cloak
rCorr   .            (no gloves)
SInv    .            i - +2 pair of boots
Will    .....        (amulet unavailable) Stlth
                     (ring unavailable)
HPRegen 0.32/turn    (ring unavailable)
MPRegen 0.12/turn    (no gizmo)

%: no passive effects
@: revved
A: off-hand wielding, slow wielding, warmup strikes, no jewellery
a: Invent Gizmo, Renounce Religion, Heroism


You were on level 8 of the Dungeon.
You worshipped Okawaru.
Okawaru was most pleased with you.
You visited 2 branches of the dungeon, and saw 9 of its levels.

You collected 319 gold pieces.

Inventory:

Hand Weapons
 a - a +1 long sword (weapon) {Septima}
 D - a +0 long sword (offhand) {Surin}
Missiles
 d - 2 throwing nets
 e - a javelin
 B - 5 silver javelins (quivered)
Armour
 c - a +0 helmet (worn)
 i - a +2 pair of boots (worn)
 n - a +0 cloak (worn)
 x - a +0 scale mail (worn)
Wands
 s - a wand of warping (4)
 y - a wand of flame (22)
 z - a wand of paralysis (11)
 E - a wand of digging (5)
Scrolls
 b - a scroll of revelation
 f - a scroll of torment {unknown}
 g - a scroll of vulnerability {unknown}
 k - a scroll of fear {unknown}
 o - 2 scrolls of enchant weapon
 p - a scroll of silence {unknown}
 q - a scroll of teleportation
 r - a scroll of enchant armour
 v - a scroll of blinking {unknown}
 w - a scroll of poison {unknown}
 A - a scroll of brand weapon {unknown}
Potions
 h - 3 potions of degeneration
 j - 3 potions of heal wounds
 l - 2 potions of attraction
 m - a potion of brilliance {unknown}
 t - a potion of berserk rage {unknown}
 u - a potion of ambrosia {unknown}
 C - a potion of haste {unknown}
 F - a potion of lignification {unknown}


   Skills:
 * Level 5.5 Fighting
 * Level 9.7 Long Blades
 * Level 4.8 Throwing
 * Level 6.4 Armour
 + Level 4.1 Dodging
 + Level 1.0 Evocations


You had 9 spell levels left.
You didn't know any spells.
Your spell library contained the following spells:

 Spells                   Type           Power      Damage    Failure   Level
 Cigotuvi's Dreadful Rot  Necr/Alch/Air  0%         N/A       92%         2
 Jinxbite                 Hex            0%         N/A       92%         2
 Ignite Poison            Fire/Alch      0%         N/A       100%        4
 Freezing Cloud           Conj/Ice/Air   0%         6-21      100%        5
 Yara's Violent Unravell  Hex/Alch       0%         3d3       100%        5
 Enfeeble                 Hex            0%         N/A       100%        7


Dungeon Overview and Level Annotations

Branches:
Dungeon (8/15)             Temple (1/1) D:4
   Lair: D:8-11

Altars:
Ashenzari
Cheibriados
Elyvilon
Fedhas
Gozag
Hepliaklqana
Kikubaaqudgha
Makhleb
Okawaru
Qazlal
Ru
Sif Muna
Trog
Uskayaw
Vehumet
Wu Jian
Xom
Yredelemnul
Zin
The Shining One
Lugonu

Shops:
D:1 =   D:6 =

Portals:
Abyss: D:6

Annotations:
D:5 2 transporters


Innate Abilities, Weirdness & Mutations

You can wield a second weapon in your off-hand.
It takes a long time for you to wield or remove held weapons.
Your first few attacks do less damage.
You cannot equip rings or amulets.


Message History

The orc hits you but does no damage. The orc priest barely misses you.
The orc hits you with a +2 flail of protection.
You closely miss the orc with your +0 long sword.
You hit the orc with your +1 long sword.
The orc barely misses you.
The orc priest hits you from afar with a +0 trident.
* * * LOW HITPOINT WARNING * * *
The orc hits you but does no damage.
You barely miss the orc with your +0 long sword.
The orc is lightly wounded.
You hit the orc but do no damage. The orc hits you but does no damage.
The orc priest hits you but does no damage.
The orc hits you with a +2 flail of protection.
* * * LOW HITPOINT WARNING * * *
You closely miss the orc with your +1 long sword.
The orc is lightly wounded.
You slash the orc with your +0 long sword!
You kill the orc!
Okawaru accepts your kill.
The orc priest hits you but does no damage.
The orc hits you with a +2 flail of protection!
* * * LOW HITPOINT WARNING * * *
You hit the orc with your +0 long sword.
The orc is almost dead.
You slash the orc with your +1 long sword!
You kill the orc!
Okawaru accepts your kill.
The orc priest looks braver for a moment.
The orc priest hits you but does no damage.
Things that are here:
a +2 flail of protection; a +0 scale mail; an orc corpse You barely miss the orc priest with your +0 long sword.
You hit the orc priest with your +1 long sword.
The orc priest looks encouraged for a moment.
You slash the orc priest with your +0 long sword!
The orc priest is almost dead.
You barely miss the orc priest with your +1 long sword.
The orc priest invokes the aid of Beogh against you.
Beogh smites you!
You die...

#......#######.#...#
#......# #.#...#
#......# #.#.#<#
###......# #.....#
.........# ###.###
#####..### #.#
#####..# #######.#
#......# #...))#.#
#.###.##
#.###@#.#######
#.###.#### #
#..o.........
#.........
#.#.#.######
#..##.#### #.#.#.#
...##.# # #.#.#
##)##.# #.#.#
#)##.######## #.#.#
#)# ........# ..#.#
##.#########.#####.#


You could see an orc priest.

Vanquished Creatures
  Erica (D:8)
  Pikel (D:6)
  Sigmund (D:3)
  A steam dragon (D:7)
  Duvessa (D:5)
  Pargi (D:3)
  A sky beast (D:7)
  An orc warrior (D:8)
  A black bear (D:6)
  2 ogres
  A centaur (D:7)
  3 phantoms (D:5)
  3 bullfrogs
  3 scorpions
  Dowan (D:5)
  3 killer bees (D:6)
  2 howler monkeys
  3 bombardier beetles
  A jelly (D:7)
  An orc priest (D:8)
  A gnoll bouda (D:7)
  3 hounds
  3 sleepcaps
  3 iguanas
  2 orc wizards
  8 gnolls
  6 adders
  2 white imps (D:7)
  2 ribbon worms
  2 dart slugs
  14 orcs
  7 endoplasms
  3 giant cockroaches
  6 goblins
  5 hobgoblins
  5 quokkas
  2 ball pythons
  6 bats
  6 frilled lizards
  5 kobolds
  6 rats
  A lurking horror (D:6)
130 creatures vanquished.

Notes
Turn   | Place    | Note
-------+----------+-------------------------------------------
     0 | D:1      | Ahpoh the Coglin Gladiator began the quest for the Orb.
     0 | D:1      | Reached XP level 1. HP: 16/16 MP: 1/1
   111 | D:1      | Found Jorehuzaw's One-of-a-Kind Rings.
   188 | D:1      | Reached XP level 2. HP: 22/22 MP: 2/2
   729 | D:2      | Reached XP level 3. HP: 27/27 MP: 3/3
  1909 | D:3      | Reached XP level 4. HP: 33/33 MP: 4/4
  1920 | D:3      | Reached skill level 4 in Long Blades
  1920 | D:3      | Reached skill level 1 in Armour
  2249 | D:3      | Noticed Pargi
  2261 | D:3      | Killed Pargi
  2262 | D:3      | Reached XP level 5. HP: 38/39 MP: 5/5
  2396 | D:3      | Reached XP level 6. HP: 46/46 MP: 6/6
  2457 | D:3      | Noticed Sigmund
  2472 | D:3      | Killed Sigmund
  2473 | D:3      | Reached skill level 5 in Long Blades
  2871 | D:4      | Found a staircase to the Ecumenical Temple.
  2894 | D:4      | Reached XP level 7. HP: 52/52 MP: 7/7
  2939 | Temple   | Entered the Ecumenical Temple
  3162 | Temple   | Became a worshipper of Warmaster Okawaru
  3281 | D:4      | Reached skill level 6 in Long Blades
  3776 | D:5      | Entered Level 5 of the Dungeon
  3776 | D:5      | Found a transporter.
  3783 | D:5      | Found a transporter.
  3905 | D:5      | Reached * piety under Okawaru
  3906 | D:5      | Reached XP level 8. HP: 45/60 MP: 8/8
  4065 | D:5      | Reached skill level 7 in Long Blades
  4604 | D:6      | Found a one-way gate to the infinite horrors of the Abyss.
  4728 | D:6      | Found a corrupted altar of Lugonu.
  4995 | D:6      | Reached ** piety under Okawaru
  5190 | D:6      | Noticed Pikel
  5201 | D:6      | Killed Pikel
  5202 | D:6      | Reached skill level 8 in Long Blades
  5202 | D:6      | Reached XP level 9. HP: 14/67 MP: 9/9
  5518 | D:6      | Found Wouvam's Jewellery Shoppe.
  5681 | D:6      | Noticed Duvessa
  5681 | D:6      | Noticed Dowan
  5823 | D:5      | Killed Duvessa
  5824 | D:5      | Reached skill level 5 in Armour
  5936 | D:5      | Killed Dowan
  6222 | D:7      | Reached skill level 1 in Evocations
  7029 | D:7      | Reached *** piety under Okawaru
  7030 | D:7      | Reached skill level 5 in Fighting
  7848 | D:8      | Noticed a two-headed ogre
  8049 | D:8      | Reached skill level 9 in Long Blades
  8138 | D:8      | Noticed Erica
  8156 | D:8      | Killed Erica
  8157 | D:8      | Reached XP level 10. HP: 25/74 MP: 8/10
  8168 | D:8      | Killed from afar by an orc priest

Illustrated notes

Levels and vault maps discovered:
D:1:      eino_arrival_cavern_a, layout_rooms, serial_bayou_ford_a,
          nicolae_shop_unique_rings, minmay_splitting_lines, corner_web_ring
D:2:      layout_basic
D:3:      layout_rooms, uniq_sigmund, uniq_pargi
D:4:      layout_basic, temple_doors_ab
D:5:      gammafunk_wand_slinger, layout_rooms, minmay_misc_feat_secret_circle
D:6:      layout_layer_cave, serial_shops, shop,
          amcnicky_altar_lugonu_corruption, uniq_pikel, uniq_duvessa
D:7:      layout_gridville
D:8:      layout_basic, kennysheep_boxes, uniq_erica
Temple:   nicolae_temple_slightly_damp_pantheon

Skill      XL: |  1  2  3  4  5  6  7  8  9 |
---------------+----------------------------+-----
Dodging        | 3 4 |  4.1
Throwing       | 2 3 4 |  4.8
Long Blades    | 4 5 6 8 9 |  9.7
Armour         | 1 2 3 4 6 |  6.4
Fighting       | 3 4 5 |  5.5
Evocations     | 1 |  1.0

Action                     |  1- 3 |  4- 6 |  7- 9 | 10-12 || total
---------------------------+-------+-------+-------+-------++-------
  Melee: Dagger            |    75 |    63 |   167 |       ||   305
         Long sword        |    79 |    74 |   298 |    21 ||   472
  Throw: Throwing net      |       |     1 |     1 |       ||     2
         Javelin           |       |       |    24 |       ||    24
 Invoke: Heroism           |       |       |     2 |       ||     2
  Evoke: Wand              |       |       |     6 |       ||     6
    Use: Potion            |       |     2 |     2 |       ||     4
         Scroll            |       |     3 |     4 |       ||     7
   Stab: Sleeping          |     2 |       |       |       ||     2
         Held in net/web   |       |     1 |     2 |       ||     3
 Armour: Leather armour    |    37 |    20 |       |       ||    57
         Scale mail        |       |    38 |   233 |    10 ||   281
  Dodge: Dodged            |    49 |    41 |   153 |     5 ||   248

Table legend: (Time is in decaauts)
 A = Elapsed time spent in this place.
 B = Non-inter-level travel time spent in this place.
 C = Inter-level travel time spent in this place.
 D = Time resting spent in this place.
 E = Time spent auto-exploring this place.
 F = Levels seen in this place.
 G = Mean time per level.
                   A        B        C        D        E       F      G
               +--------+--------+--------+--------+--------+-----+--------+
         Total |   8178 |   7995 |    183 |   1401 |   4527 |   9 |  908.7 |
       Dungeon |   7929 |   7746 |    183 |   1401 |   4527 |   8 |  991.1 |
        Temple |    248 |    248 |      0 |      0 |      0 |   1 |  248.0 |
               +--------+--------+--------+--------+--------+-----+--------+

Top non-repeatable levels by time:
     D:6: 2221 daAuts
     D:2: 1271 daAuts
     D:7: 1188 daAuts
     D:4: 949 daAuts
     D:5: 740 daAuts
     D:3: 689 daAuts
     D:1: 629 daAuts
  Temple: 248 daAuts
     D:8: 239 daAuts
